[Event "Team 45 45 League T98"]
[Site "Internet Chess Club"]
[Date "2024.01.15"]
[Round "8"]
[White "Fischeresque930"]
[Black "fishhead"]
[Result "1-0"]
[WhiteElo "2066"]
[BlackElo "1795"]
[Opening "Queen's pawn: London system"]
[ECO "A45"]
[Time "17:00:15"]
[PlyCount "41"]
[TimeControl "2700+45"]

1. d4 Nf6 2. Bf4 c5 3. e3 Qb6 4. Nc3 cxd4 5. exd4 d6 6. Rb1 g6 7. Nf3 Bg7 8. Be2
Nc6 9. d5 Nb4 10. a3 Na6 11. Be3 Qa5 12. O-O Bd7 13. h3 Nc7 14. b4 Qxa3 15. Rb3
Qxb3 16. cxb3 b5 17. Qd2 a5 18. bxa5 b4 19. Na4 Nfxd5 20. Nb6 Bc3 21. Nxd5
{Black resigns} 1-0

[Event "Team 45 45 League T98"]
[Site "Internet Chess Club"]
[Date "2024.01.10"]
[Round "8"]
[White "QuieroAprender"]
[Black "trombone"]
[Result "1/2-1/2"]
[WhiteElo "1630"]
[BlackElo "1746"]
[Opening "Queen's pawn game"]
[ECO "D02"]
[Time "18:12:59"]
[PlyCount "74"]
[TimeControl "2700+45"]

1. d4 d5 2. Nf3 e6 3. Bf4 c5 4. e3 Nc6 5. c3 Nf6 6. Nbd2 Bd6 7. Bg3 O-O 8. Bd3
b6 9. O-O Bxg3 10. hxg3 Bb7 11. Qe2 Qd6 12. Ba6 Bxa6 13. Qxa6 e5 14. dxe5 Nxe5
15. Nxe5 Qxe5 16. Nf3 Qe6 17. Rfd1 Rfd8 18. Rd2 Rd7 19. Rad1 Rad8 20. c4 h6 21.
cxd5 Nxd5 22. Qc4 Nf6 23. Qxe6 fxe6 24. Rxd7 Rxd7 25. Rxd7 Nxd7 26. b3 Kf7 27.
Kf1 h5 28. Ke2 Ke7 29. Ng5 Kd6 30. f4 Kd5 31. Kd3 b5 32. e4+ Kd6 33. Nf3 Nb6 34.
Ne5 Nd7 35. Nf7+ Ke7 36. Ng5 Nb6 37. Nf3 Kd6 {Game drawn by mutual agreement}
1/2-1/2

[Event "Team 45 45 League T98"]
[Site "Internet Chess Club"]
[Date "2024.01.13"]
[Round "8"]
[White "Signofthetimes"]
[Black "fireball"]
[Result "1-0"]
[WhiteElo "1568"]
[BlackElo "1521"]
[Opening "French: advance, Nimzovich system"]
[ECO "C00"]
[Time "10:03:55"]
[PlyCount "129"]
[TimeControl "2700+45"]

1. e4 e6 2. Nf3 d5 3. e5 c5 4. d4 Nc6 5. Bb5 Qb6 6. Bxc6+ bxc6 7. O-O Ba6 8. Re1
cxd4 9. Qxd4 Bc5 10. Qd2 Nh6 11. h3 Nf5 12. Nc3 Bb5 13. Nxb5 cxb5 14. b4 Be7 15.
c3 h5 16. a3 Rc8 17. Nd4 Nh6 18. Qd3 a6 19. Bxh6 Rxh6 20. a4 bxa4 21. Rxa4 Qc7
22. Rxa6 Qxc3 23. Qxc3 Rxc3 24. b5 Bc5 25. b6 Bxd4 26. b7 Rb3 27. Ra8+ Kd7 28.
b8=Q Rxb8 29. Rxb8 g5 30. Rb7+ Ke8 31. Rc1 Kf8 32. Re1 Kg7 33. Rb8 Kg6 34. Rf8
Rh7 35. Kf1 Kf5 36. Rb1 Bxe5 37. Rb7 Kg6 38. Rd8 Rg7 39. Ke2 f5 40. Rb4 Bf6 41.
Ra8 e5 42. Ra6 d4 43. Rbb6 Rf7 44. Re6 e4 45. f3 exf3+ 46. gxf3 f4 47. Kd3 Kf5
48. Rec6 Kg6 49. Rd6 Kg7 50. Ke4 Kg6 51. Rxd4 Re7+ 52. Kd3 Re3+ 53. Kd2 Rxf3 54.
Rdd6 Rxh3 55. Rxf6+ Kg7 56. Rg6+ Kf7 57. Rxg5 f3 58. Rf5+ Ke7 59. Ke3 Rh1 60.
Kxf3 Rf1+ 61. Ke4 Re1+ 62. Kf4 h4 63. Re5+ Rxe5 64. Kxe5 Kf7 65. Rh6 {Black
resigns} 1-0

[Event "Team 45 45 League T98"]
[Site "Internet Chess Club"]
[Date "2024.01.13"]
[Round "8"]
[White "jfkingiii"]
[Black "stantheman59"]
[Result "1-0"]
[WhiteElo "1510"]
[BlackElo "1155"]
[Opening "Four knights: symmetrical variation"]
[ECO "C49"]
[Time "19:00:24"]
[PlyCount "119"]
[TimeControl "2700+45"]

1. e4 e5 2. Nc3 Nc6 3. Nf3 Nf6 4. Bb5 Bb4 5. O-O O-O 6. d3 d6 7. Bg5 Bxc3 8.
bxc3 h6 9. Bh4 Qe7 10. h3 Nd8 11. Re1 Ne6 12. d4 Nf4 13. Bg3 N6h5 14. Bxf4 Nxf4
15. d5 a6 16. Bf1 Qf6 17. Kh2 Bd7 18. c4 b5 19. Rb1 bxc4 20. Bxc4 Qg6 21. Rg1
Qxe4 22. Bd3 Nxd3 23. Qxd3 Qxd3 24. cxd3 Bb5 25. Rgd1 e4 26. dxe4 Be2 27. Rdc1
Bxf3 28. gxf3 Rfc8 29. Rb7 Rab8 30. Rcb1 Ra8 31. Kg2 Kh7 32. Rc1 Rab8 33. Ra7
Rb6 34. Rc6 Rxc6 35. dxc6 Kg6 36. Rxa6 Kf6 37. Ra5 g6 38. a4 h5 39. Rb5 Ke7 40.
a5 Ra8 41. Rb7 Kd8 42. Rb1 Rxa5 43. Rb8+ Ke7 44. Rc8 Ra7 45. Kf1 f5 46. Ke2 Ra2+
47. Ke3 fxe4 48. fxe4 Ra3+ 49. Kf4 Rxh3 50. Rxc7+ Kd8 51. Rd7+ Kc8 52. Rxd6 Rh4+
53. Ke5 Rg4 54. Rd7 Rg5+ 55. Kd6 Rg2 56. c7 Rxf2 57. Rd8+ Kb7 58. c8=Q+ Kb6 59.
Qc5+ Kb7 60. Qc6+ {Black resigns} 1-0

[Event "Team 45 45 League T98"]
[Site "Internet Chess Club"]
[Date "2024.01.16"]
[Round "8"]
[White "Alec-hine"]
[Black "room-matt"]
[Result "0-1"]
[WhiteElo "1995"]
[BlackElo "1831"]
[Opening "QGA: classical, Rubinstein variation"]
[ECO "D27"]
[Time "14:01:19"]
[PlyCount "104"]
[TimeControl "2700+45"]

1. d4 d5 2. c4 dxc4 3. Nf3 Nf6 4. e3 e6 5. Bxc4 c5 6. O-O a6 7. a4 Nc6 8. Nc3
Be7 9. d5 exd5 10. Nxd5 Nxd5 11. Bxd5 Nb4 12. e4 Nxd5 13. exd5 O-O 14. Ne5 Bd6
15. Nc4 Bxh2+ 16. Kxh2 Qh4+ 17. Kg1 Qxc4 18. Be3 Rd8 19. d6 b6 20. a5 Rb8 21.
axb6 Rxb6 22. Rc1 Qh4 23. Bxc5 Rxb2 24. Re1 Be6 25. Qd3 Qa4 26. Qc3 Rb7 27. Qe5
Re8 28. Bd4 f6 29. Qc5 Qd7 30. Qa3 a5 31. Qg3 Kh8 32. Rc5 a4 33. Rec1 Rb3 34.
Qf4 Qf7 35. Ra5 Bd7 36. Ra7 Rb4 37. Qd2 Reb8 38. Qd1 Qe6 39. Be3 R4b7 40. Ra5
Rb3 41. Kh2 Qe4 42. Qd4 Qe6 43. Ra7 a3 44. Qf4 R3b4 45. Bd4 a2 46. Rcc7 Qd5 47.
Rxd7 Rxd4 48. Rdb7 Rg8 49. Qh6 a1=Q 50. Rxg7 Rh4+ 51. Qxh4 Rxg7 52. Rxa1 Qxg2#
{White checkmated} 0-1

[Event "Team 45 45 League T98"]
[Site "Internet Chess Club"]
[Date "2024.01.13"]
[Round "8"]
[White "bobhill"]
[Black "timcent"]
[Result "1/2-1/2"]
[WhiteElo "1808"]
[BlackElo "1926"]
[Opening "Queen's pawn: Torre attack"]
[ECO "A46"]
[Time "08:04:44"]
[PlyCount "93"]
[TimeControl "2700+45"]

1. d4 Nf6 2. Nf3 e6 3. Bg5 h6 4. Bh4 c5 5. e3 Qb6 6. Nbd2 d5 7. Bxf6 gxf6 8. Be2
Rg8 9. O-O Nc6 10. dxc5 Bxc5 11. c4 dxc4 12. Nxc4 Qc7 13. a3 Bd7 14. b4 Be7 15.
Rc1 Qb8 16. Qd3 b5 17. Qh7 Rf8 18. Ncd2 Qb6 19. Rfd1 a5 20. Ne4 axb4 21. axb4
Nxb4 22. Qxh6 Nd5 23. Nd4 f5 24. Ng3 b4 25. Bf3 Ra5 26. Bxd5 Rxd5 27. Ngxf5 b3
28. Rb1 b2 29. e4 Rc5 30. Nxe7 Kxe7 31. Qd2 Rb8 32. Nf5+ exf5 33. Qxd7+ Kf8 34.
exf5 Rc2 35. Rf1 Rd8 36. Qa4 Rdd2 37. Qa3+ Kg7 38. Qg3+ Kf6 39. Qh4+ Kxf5 40.
Qh5+ Ke6 41. Rfe1+ Kd6 42. Qe5+ Kc6 43. Qe8+ Kc5 44. Qe3+ Kc6 45. Qf3+ Kb5 46.
Qb3+ Kc6 47. Qf3+ {Game drawn by mutual agreement} 1/2-1/2

[Event "Team 45 45 League T98"]
[Site "Internet Chess Club"]
[Date "2024.01.13"]
[Round "8"]
[White "trombone"]
[Black "Beetlejuice"]
[Result "1/2-1/2"]
[WhiteElo "1744"]
[BlackElo "1697"]
[Opening "Sicilian: Labourdonnais-Löwenthal (Kalashnikov) variation"]
[ECO "B32"]
[Time "08:00:26"]
[PlyCount "74"]
[TimeControl "2700+45"]

1. e4 c5 2. Nf3 Nc6 3. d4 cxd4 4. Nxd4 e5 5. Nb5 d6 6. N1c3 a6 7. Na3 Be6 8. Nc4
Rb8 9. Ne3 Nf6 10. g3 g6 11. Bg2 Bh6 12. h3 Qd7 13. Ned5 Bg7 14. Bh6 Nxd5 15.
Bxg7 Nxc3 16. bxc3 Rg8 17. Bh6 Ke7 18. Qd2 Rbc8 19. h4 Na5 20. h5 Qc6 21. hxg6
hxg6 22. Bg5+ f6 23. Rh7+ Bf7 24. Be3 Nc4 25. Qe2 Nxe3 26. Qxe3 Qxc3+ 27. Qxc3
Rxc3 28. Rb1 b5 29. a4 Rb8 30. Bf1 Rxc2 31. axb5 axb5 32. Rxb5 Rxb5 33. Bxb5 Kf8
34. Bd3 Rb2 35. Rh8+ Ke7 36. Rh7 Kf8 37. Rh8+ Ke7 {Game drawn by mutual
agreement} 1/2-1/2

[Event "Team 45 45 League T98"]
[Site "Internet Chess Club"]
[Date "2024.01.13"]
[Round "8"]
[White "manfredo"]
[Black "DaveTheRook"]
[Result "1-0"]
[WhiteElo "1538"]
[BlackElo "1454"]
[Opening "Sicilian: closed, 2...Nc6"]
[ECO "B23"]
[Time "13:02:10"]
[PlyCount "67"]
[TimeControl "2700+45"]

1. e4 c5 2. Nc3 Nc6 3. Bb5 Qc7 4. Nd5 Qa5 5. Bxc6 bxc6 6. Nc3 e5 7. Nge2 Nf6 8.
f4 c4 9. fxe5 Qxe5 10. Ng3 d5 11. O-O Bg4 12. Qe1 Bc5+ 13. Kh1 d4 14. Na4 Bd6
15. d3 h5 16. Bf4 Qb5 17. e5 O-O 18. exd6 Qxa4 19. b3 Qa3 20. dxc4 Rfe8 21. Qc1
Qa5 22. Qd2 Qxd2 23. Bxd2 c5 24. Rae1 h4 25. Nf5 Rxe1 26. Bxe1 Bxf5 27. Rxf5 Re8
28. Bxh4 Nd7 29. Be7 f6 30. h4 Ne5 31. Rxe5 fxe5 32. d7 Kf7 33. dxe8=Q+ Kxe8 34.
Bxc5 {Black resigns} 1-0

[Event "Team 45 45 League T98"]
[Site "Internet Chess Club"]
[Date "2024.01.15"]
[Round "8"]
[White "QuieroAprender"]
[Black "clarinetref"]
[Result "1/2-1/2"]
[WhiteElo "1626"]
[BlackElo "1546"]
[Opening "Queen's pawn game"]
[ECO "A46"]
[Time "20:18:04"]
[PlyCount "69"]
[TimeControl "2700+45"]

1. d4 Nf6 2. Nf3 e6 3. Bf4 d5 4. Nbd2 Bd6 5. Bg5 h6 6. Bh4 Nbd7 7. e3 a6 8. Bd3
c5 9. c4 Be7 10. Qa4 dxc4 11. Bxf6 Bxf6 12. Nxc4 O-O 13. Qc2 b5 14. Be4 Rb8 15.
Nce5 Bxe5 16. dxe5 Qc7 17. Rc1 c4 18. b3 Nxe5 19. Nxe5 Qxe5 20. bxc4 Bb7 21.
Bxb7 Rxb7 22. cxb5 Qxb5 23. a4 Qb4+ 24. Ke2 Qg4+ 25. Kf1 Rfb8 26. h3 Qb4 27. g4
Qa3 28. Kg2 Rb2 29. Qe4 Qa2 30. Rhf1 R2b4 31. Rc8+ Rxc8 32. Qxb4 Qd5+ 33. e4 Qc4
34. Rb1 Qc6 35. Qd4 {Game drawn by mutual agreement} 1/2-1/2

[Event "Team 45 45 League T98"]
[Site "Internet Chess Club"]
[Date "2024.01.13"]
[Round "8"]
[White "Electryon"]
[Black "kabindra"]
[Result "1-0"]
[WhiteElo "1594"]
[BlackElo "1601"]
[Opening "Sicilian defense"]
[ECO "B30"]
[Time "16:02:42"]
[PlyCount "139"]
[TimeControl "2700+45"]

1. e4 c5 2. Nf3 Nc6 3. d3 e5 4. Nc3 Nf6 5. Bg5 Be7 6. Be2 h6 7. Bh4 O-O 8. O-O
a6 9. Nd5 Nxd5 10. exd5 Nd4 11. Bxe7 Nxf3+ 12. Bxf3 Qxe7 13. Re1 d6 14. d4 cxd4
15. Qxd4 Qg5 16. Qb4 Qg6 17. Be4 f5 18. Bd3 e4 19. Bf1 b5 20. c4 bxc4 21. Qxc4
Bd7 22. Qc7 Bb5 23. Rac1 f4 24. Qe7 f3 25. Qxe4 Qg5 26. g3 Bxf1 27. Kxf1 Qh5 28.
h4 Rf5 29. Rc3 Raf8 30. Ree3 Rxd5 31. Rxf3 Rd1+ 32. Kg2 Re8 33. Qc4+ d5 34. Qb3
Rde1 35. Rce3 R1xe3 36. Rxe3 Rxe3 37. Qxe3 Qf5 38. Qe8+ Kh7 39. Qc6 Qe4+ 40. Kh2
Qd3 41. Qc3 Qe4 42. Qd2 d4 43. Kg1 Qb1+ 44. Kg2 d3 45. Kf3 Qxa2 46. Qxd3+ Kg8
47. Qa3 Qd5+ 48. Ke2 Kf7 49. Qf3+ Ke6 50. Qxd5+ Kxd5 51. Kd3 g6 52. b4 g5 53.
hxg5 hxg5 54. f3 Kd6 55. Kd4 Kc6 56. f4 g4 57. Kc4 Kd6 58. b5 axb5+ 59. Kxb5 Kd5
60. Kb4 Kd4 61. Kb3 Kd3 62. f5 Ke3 63. f6 Kf3 64. f7 Kxg3 65. f8=Q Kg2 66. Kc3
g3 67. Kd3 Kg1 68. Ke2 g2 69. Qg7 Kh1 70. Kf2 {Black resigns} 1-0

[Event "Team 45 45 League T98"]
[Site "Internet Chess Club"]
[Date "2024.01.13"]
[Round "8"]
[White "mongmong"]
[Black "garytd"]
[Result "1-0"]
[WhiteElo "1501"]
[BlackElo "1436"]
[Opening "Colle system"]
[ECO "A46"]
[Time "10:04:40"]
[PlyCount "73"]
[TimeControl "2700+45"]

1. d4 Nf6 2. Nf3 e6 3. e3 c5 4. c3 d5 5. Bd3 Bd6 6. Nbd2 O-O 7. O-O b6 8. e4
dxe4 9. Nxe4 Bb7 10. Nxd6 Qxd6 11. dxc5 Qxc5 12. Qe2 Nbd7 13. h3 Qh5 14. Nd4
Qxe2 15. Bxe2 Nc5 16. Nf3 Rad8 17. Bg5 Rd6 18. Rad1 Rfd8 19. Rxd6 Rxd6 20. Rd1
Rxd1+ 21. Bxd1 Nd3 22. b3 Nd5 23. Bd2 N5f4 24. Bxf4 Nxf4 25. Nd4 Bxg2 26. Nb5
Bxh3 27. Nxa7 Nd5 28. Nb5 Bf5 29. c4 Nb4 30. a3 Na6 31. Nd6 Nc7 32. Be2 Bc2 33.
b4 Kf8 34. Nc8 b5 35. cxb5 h5 36. b6 Be4 37. bxc7 {Black resigns} 1-0

[Event "Team 45 45 League T98"]
[Site "Internet Chess Club"]
[Date "2024.01.14"]
[Round "8"]
[White "DaveTheRook"]
[Black "jjmolina1"]
[Result "1/2-1/2"]
[WhiteElo "1452"]
[BlackElo "1413"]
[Opening "QGD Slav: exchange variation"]
[ECO "D13"]
[Time "11:32:07"]
[PlyCount "70"]
[TimeControl "2700+45"]

1. d4 d5 2. c4 c6 3. cxd5 cxd5 4. Nf3 Nf6 5. Nc3 e6 6. e3 Be7 7. Bd3 O-O 8. O-O
Nc6 9. a3 a6 10. Qc2 h6 11. Bd2 Bd7 12. Rfc1 Rc8 13. Qd1 b5 14. b4 Re8 15. h3
Na7 16. Ne2 Qb6 17. Rxc8 Rxc8 18. Rc1 Rxc1 19. Qxc1 Qc6 20. Ne5 Qxc1+ 21. Nxc1
Nc6 22. Nxd7 Nxd7 23. Nb3 e5 24. Bf5 Ndb8 25. dxe5 Nxe5 26. Bc8 Nc4 27. Bc1 Ne5
28. Bb7 Nec6 29. Bb2 Bd6 30. Kf1 f6 31. Nd4 Ne7 32. Nf3 Kf8 33. e4 dxe4 34. Bxe4
Nbc6 35. Ke2 Ke8 {Game drawn by mutual agreement} 1/2-1/2

[Event "Team 45 45 League T98"]
[Site "Internet Chess Club"]
[Date "2024.01.11"]
[Round "8"]
[White "Portola"]
[Black "elmaestro"]
[Result "0-1"]
[WhiteElo "1628"]
[BlackElo "1678"]
[Opening "Queen's pawn game, Darooha variation "]
[ECO "D02"]
[Time "18:17:53"]
[PlyCount "48"]
[TimeControl "2700+45"]

1. d4 Nf6 2. Nf3 d5 3. c3 g6 4. Bg5 Bg7 5. Nbd2 O-O 6. e3 c6 7. Be2 Nbd7 8. h3
Re8 9. Bf4 Nh5 10. Bh2 f5 11. g4 fxg4 12. hxg4 Nhf6 13. Ne5 Nxe5 14. Bxe5 Nd7
15. Bxg7 Kxg7 16. f4 Nf6 17. g5 Ne4 18. Nxe4 dxe4 19. Qb3 Qd6 20. Rxh7+ Kxh7 21.
Qf7+ Kh8 22. Qxe8+ Kg7 23. d5 Rb8 24. dxc6 Be6 {White resigns} 0-1

[Event "Team 45 45 League T98"]
[Site "Internet Chess Club"]
[Date "2024.01.15"]
[Round "8"]
[White "DimEyeChessGuy"]
[Black "justice02"]
[Result "1/2-1/2"]
[WhiteElo "1601"]
[BlackElo "1589"]
[Opening "Dutch"]
[ECO "A80"]
[Time "22:00:16"]
[PlyCount "47"]
[TimeControl "2700+45"]

1. d4 f5 2. Bf4 Nf6 3. Nf3 g6 4. e3 Bg7 5. Be2 O-O 6. h3 d5 7. O-O Nbd7 8. c4 c6
9. Nbd2 Ne4 10. Rc1 e6 11. Qb3 g5 12. Nxe4 gxf4 13. Neg5 Nf6 14. Ne5 fxe3 15.
fxe3 Ne4 16. Nxe4 Bxe5 17. dxe5 fxe4 18. Rxf8+ Qxf8 19. Rf1 Qe8 20. Rf4 Kh8 21.
Qb4 Bd7 22. Qe1 Qe7 23. Qf2 Rg8 24. Rf7 {Game drawn by mutual agreement} 1/2-1/2

[Event "Team 45 45 League T98"]
[Site "Internet Chess Club"]
[Date "2024.01.16"]
[Round "8"]
[White "nosir"]
[Black "burlap"]
[Result "1/2-1/2"]
[WhiteElo "1431"]
[BlackElo "1402"]
[Opening "Queen's pawn, Mason variation"]
[ECO "D00"]
[Time "09:00:08"]
[PlyCount "60"]
[TimeControl "2700+45"]

1. d4 d5 2. Bf4 Nf6 3. e3 Bf5 4. c3 e6 5. Nf3 Bd6 6. Bxd6 Qxd6 7. Bd3 Bxd3 8.
Qxd3 O-O 9. Nbd2 Nbd7 10. O-O c5 11. Rfe1 cxd4 12. exd4 Qb6 13. Qc2 Rfe8 14. Ne5
Nxe5 15. Rxe5 Qd6 16. Nf3 Ng4 17. Re2 Re7 18. Rae1 Qf4 19. h3 Nf6 20. Ne5 Ne4
21. Re3 f6 22. Nd3 Qd6 23. Nc5 Nxc5 24. dxc5 Qd7 25. Qb3 Rae8 26. Qd1 Qb5 27. b4
Qc6 28. Qb3 e5 29. Rd1 Rd8 30. Rde1 b6 {Game drawn by mutual agreement} 1/2-1/2

[Event "Team 45 45 League T98"]
[Site "Internet Chess Club"]
[Date "2024.01.12"]
[Round "8"]
[White "oldprez1"]
[Black "herrahuu"]
[Result "1-0"]
[WhiteElo "1229"]
[BlackElo "1359"]
[Opening "Réti: King's Indian attack"]
[ECO "A05"]
[Time "12:30:16"]
[PlyCount "27"]
[TimeControl "2700+45"]

1. Nf3 Nf6 2. g3 g6 3. Bg2 Bg7 4. O-O O-O 5. d3 d6 6. e4 e5 7. Nbd2 Nc6 8. c3
Ne8 9. Re1 f5 10. exf5 gxf5 11. Nh4 f4 12. Ndf3 Ne7 13. Qb3+ d5 14. Nxe5 {Black
resigns} 1-0

[Event "Team 45 45 League T98"]
[Site "Internet Chess Club"]
[Date "2024.01.15"]
[Round "8"]
[White "burlap"]
[Black "Electryon"]
[Result "1/2-1/2"]
[WhiteElo "1400"]
[BlackElo "1586"]
[Opening "Queen's pawn: London system"]
[ECO "A45"]
[Time "20:05:07"]
[PlyCount "67"]
[TimeControl "2700+45"]

1. d4 Nf6 2. Bf4 d6 3. e3 Nbd7 4. Nd2 e5 5. Bg5 Be7 6. Bxf6 Nxf6 7. Bd3 c6 8.
Ngf3 Qc7 9. O-O O-O 10. c3 Re8 11. e4 Bf8 12. Re1 Bd7 13. Qb3 Be6 14. Bc4 exd4
15. Nxd4 Bxc4 16. Qxc4 d5 17. exd5 Nxd5 18. N2f3 Rad8 19. Rad1 Be7 20. Nf5 Bf6
21. Rxe8+ Rxe8 22. Rxd5 Qb6 23. Rd2 g6 24. Nh6+ Kh8 25. Nxf7+ Kg7 26. Nh6 Kxh6
27. Qf7 Bxc3 28. Qxe8 Bxd2 29. Nxd2 Qxb2 30. Qf8+ Kh5 31. Qf3+ Kh6 32. Qf8+ Kh5
33. Qf3+ Kh6 34. Qf8+ {Game drawn by repetition} 1/2-1/2

[Event "Team 45 45 League T98"]
[Site "Internet Chess Club"]
[Date "2024.01.14"]
[Round "8"]
[White "defythemachine"]
[Black "Ostap-Bender"]
[Result "1-0"]
[WhiteElo "1362"]
[BlackElo "1229"]
[Opening "French: Rubinstein variation"]
[ECO "C10"]
[Time "21:00:12"]
[PlyCount "35"]
[TimeControl "2700+45"]

1. d4 d5 2. Nc3 e6 3. e4 dxe4 4. Nxe4 Nf6 5. Nxf6+ Qxf6 6. Nf3 Be7 7. Bd3 h6 8.
O-O O-O 9. Re1 c5 10. Ne5 Bd6 11. Qh5 cxd4 12. Ng4 Qe7 13. Nxh6+ gxh6 14. Bxh6
f5 15. Bxf8 Kxf8 16. Qh8+ Kf7 17. Qxc8 Qc7 18. Qxe6+ {Black resigns} 1-0

[Event "Team 45 45 League T98"]
[Site "Internet Chess Club"]
[Date "2024.01.12"]
[Round "8"]
[White "stantheman59"]
[Black "Tjet"]
[Result "1-0"]
[WhiteElo "1159"]
[BlackElo "1254"]
[Opening "Pirc: Ufimtsev-Pytel variation"]
[ECO "B07"]
[Time "19:02:37"]
[PlyCount "115"]
[TimeControl "2700+45"]

1. e4 d6 2. d4 Nf6 3. Nc3 c6 4. a4 Qa5 5. Bd2 Qc7 6. Nf3 Bg4 7. h3 Bxf3 8. Qxf3
e5 9. dxe5 dxe5 10. Bc4 Bc5 11. O-O-O O-O 12. g4 a6 13. g5 Ne8 14. h4 b5 15. Bb3
b4 16. Ne2 Nd7 17. h5 Nd6 18. Rdg1 a5 19. g6 h6 20. Bxh6 Nf6 21. gxf7+ Rxf7 22.
Bxf7+ Qxf7 23. Rxg7+ Qxg7 24. Bxg7 Kxg7 25. h6+ Kf7 26. h7 Rh8 27. Rh6 Nxe4 28.
Rxf6+ Nxf6 29. Qxc6 Bxf2 30. Qc7+ Kg6 31. Qxa5 Rxh7 32. Qxe5 Rh1+ 33. Kd2 Be1+
34. Kd3 Rh3+ 35. Kc4 Bd2 36. Qd6 Rh4+ 37. Kb3 Be1 38. a5 Rh3+ 39. Ka2 b3+ 40.
cxb3 Re3 41. Nf4+ Kf5 42. Ng2 Re5 43. Qd3+ Ke6 44. Nf4+ Kf7 45. Qg6+ Ke7 46.
Qg7+ Ke8 47. Qxf6 Rxa5+ 48. Kb1 Bb4 49. Qe6+ Kd8 50. Qb6+ Kc8 51. Qxb4 Ra7 52.
Qf8+ Kb7 53. Qe7+ Kb8 54. Qd6+ Kb7 55. Nd5 Ka8 56. Qd8+ Kb7 57. Qc7+ Ka6 58.
Qb6# {Black checkmated} 1-0

[Event "Team 45 45 League T98"]
[Site "Internet Chess Club"]
[Date "2024.01.14"]
[Round "8"]
[White "herrahuu"]
[Black "CMAlge"]
[Result "0-1"]
[WhiteElo "1344"]
[BlackElo "1406"]
[Opening "French: advance variation"]
[ECO "C02"]
[Time "10:01:21"]
[PlyCount "46"]
[TimeControl "2700+45"]

1. e4 e6 2. d4 d5 3. e5 c5 4. c3 Bd7 5. Nf3 a6 6. Bd3 cxd4 7. O-O Bb5 8. Re1
Bxd3 9. Qxd3 dxc3 10. Nxc3 Ne7 11. h4 Nf5 12. h5 h6 13. Bf4 Nh4 14. Nxh4 Qxh4
15. Qf3 Bc5 16. Bg3 Qb4 17. a3 Qb3 18. Reb1 Nc6 19. Qg4 O-O-O 20. Na4 Ba7 21.
Rc1 Kb8 22. Rc3 Qb5 23. Rd1 d4 {White resigns} 0-1

[Event "Team 45 45 League T98"]
[Site "Internet Chess Club"]
[Date "2024.01.14"]
[Round "8"]
[White "Fulmar"]
[Black "g8wrb"]
[Result "1-0"]
[WhiteElo "1213"]
[BlackElo "1241"]
[Opening "Queen's pawn: Yusupov-Rubinstein system"]
[ECO "A40"]
[Time "12:00:33"]
[PlyCount "41"]
[TimeControl "2700+45"]

1. d4 e6 2. Nf3 Nf6 3. e3 Bb4+ 4. Nbd2 O-O 5. Bd3 b6 6. a3 Bd6 7. b3 Bb7 8. Bb2
Re8 9. O-O c5 10. dxc5 Bxc5 11. Qe2 Nc6 12. Ne4 Nxe4 13. Bxe4 d5 14. Bd3 Qc7 15.
Ng5 h6 16. Bh7+ Kh8 17. Qh5 Re7 18. Bd3 e5 19. b4 Bd6 20. f4 exf4 21. Qxh6+
{Black resigns} 1-0

[Event "Team 45 45 League T98"]
[Site "Internet Chess Club"]
[Date "2024.01.15"]
[Round "8"]
[White "thundercat1"]
[Black "Reykjaviking"]
[Result "1-0"]
[WhiteElo "1008"]
[BlackElo "1320"]
[Opening "Sicilian: Smith-Morra gambit"]
[ECO "B21"]
[Time "13:00:14"]
[PlyCount "87"]
[TimeControl "2700+45"]

1. e4 c5 2. d4 cxd4 3. Qxd4 Nc6 4. Qd3 Nf6 5. f3 e5 6. a3 a5 7. Nc3 b6 8. Nb5
Ba6 9. a4 Nb4 10. Qd1 Bc5 11. Ne2 O-O 12. c3 Nc6 13. Ng3 g6 14. Bh6 Re8 15. Bc4
Bxb5 16. axb5 Ne7 17. Ra4 Kh8 18. Bxf7 Nfg8 19. Bxe8 Qxe8 20. Bg5 Nc8 21. b4 Bf8
22. h4 Nd6 23. Qd5 Rc8 24. Ne2 Nf7 25. Be3 Nf6 26. Qb3 Nd6 27. Bxb6 Nb7 28. bxa5
Bc5 29. Ra1 Bxb6 30. axb6 Nc5 31. Qc2 Ra8 32. Ra7 Qb8 33. Qa2 Kg7 34. Rxa8 Nd3+
35. Kd2 Qd6 36. Ke3 Qc5+ 37. Kxd3 Qxb5+ 38. Kd2 Qxb6 39. Rb1 Qd6+ 40. Kc2 h6 41.
g4 Qc6 42. g5 hxg5 43. hxg5 Nxe4 44. Qg8# {Black checkmated} 1-0